 Dungeon Crawl Stone Soup version 0.29.1-1-gd02db6906a (webtiles) character file.

Game seed: 12631053367332443667

32 MisterFreud the Twirler (level 3, -1/27 HPs)
             Began as a Formicid Gladiator on Sept 23, 2022.
             Slain by a goblin
             ... wielding a +0 dagger
             ... led by Robin
              (2 damage)
             ... on level 2 of the Dungeon.
             The game lasted 00:01:00 (1161 turns).

MisterFreud the Twirler (Formicid Gladiator)        Turns: 1161, Time: 00:01:00

Health: -1/27      AC:  3    Str: 20    XL:     3   Next: 42%
Magic:  3/3        EV: 12    Int:  7    God:
Gold:   21         SH:  0    Dex: 15    Spells: 2/2 levels left

rFire   . . .      SeeInvis +   a - +0 quarterstaff
rCold   . . .      Faith    .   (no shield)
rNeg    . . .      Spirit   .   b - +0 leather armour
rPois   .          Reflect  .   (helmet unavailable)
rElec   .          Harm     .   (no cloak)
rCorr   .          Rampage  .   (no gloves)
Will    .....                   (no boots)
Stlth   +.........              (no amulet)
HPRegen 0.09/turn               (no ring)
MPRegen 0.08/turn               (no ring)

@: no status effects
A: permanent stasis, dig shafts and tunnels, antennae 3, four strong arms
a: Dig, Shaft Self


You were on level 2 of the Dungeon.
You visited 1 branch of the dungeon, and saw 2 of its levels.

You collected 21 gold pieces.

Inventory:

Hand Weapons
 a - a +0 quarterstaff (weapon)
Missiles
 c - 3 throwing nets (quivered)
 d - a javelin
Armour
 b - a +0 leather armour (worn)
Scrolls
 f - a scroll of fear {unknown}
 i - a scroll of identify {unknown}
 j - a scroll of poison {unknown}
Potions
 e - 2 potions of berserk rage {unknown}
 g - 2 potions of curing {unknown}
 h - a potion of cancellation {unknown}


   Skills:
 - Level 2.1 Fighting
 + Level 4.3 Staves
 - Level 2.0 Throwing
 - Level 2.6 Dodging


You had 2 spell levels left.
You didn't know any spells.
Your spell library was empty.

Dungeon Overview and Level Annotations

Branches:
Dungeon (2/15)

Altars:

Annotations:
D:2 Robin


Innate Abilities, Weirdness & Mutations

You cannot be hasted, slowed, berserked, paralysed or teleported.
You can dig through walls and to a lower floor.
You have a pair of large antennae on your head. (SInv)
Your four strong arms can wield two-handed weapons with a shield.


Message History

The goblin hits you with a +0 club.
You closely miss the goblin. You barely miss the goblin.
The goblin hits you but does no damage. The goblin misses you.
The goblin hits you but does no damage. The goblin hits you with a +0 dagger.
You hit the goblin.
The goblin is severely wounded.
The goblin completely misses you. The goblin hits you with a +0 dagger.
The goblin attacks as you move away! The goblin hits you but does no damage.
An endoplasm comes into view.
The endoplasm quivers.
The goblin no longer looks unusually strong.
The goblin hits you but does no damage.
Robin roars a battlecry!
The goblin goes into a battle-frenzy!
The goblin attacks as you move away! The goblin closely misses you.
The goblin attacks as you move away! The goblin misses you.
Robin throws the goblin at you!
You barely miss the goblin.
The goblin no longer looks unusually strong.
The endoplasm freezes you.
You are frozen.
The goblin hits you but does no damage. The goblin closely misses you.
Robin's horned helmet rattles.
Robin roars a battlecry!
The goblins go into a battle-frenzy!
The goblin shoots a sling bullet.
The sling bullet hits you.
You sock the goblin!
You kill the goblin!
The endoplasm hits you. The goblin hits you with a +0 dagger.
The goblin barely misses you.
The goblin shoots a sling bullet.
The sling bullet hits you.
Unknown command.
The goblin attacks as you move away! The goblin hits you but does no damage.
The goblin hits you with a +0 club.
* * * LOW HITPOINT WARNING * * *
The endoplasm closely misses you. Robin throws the goblin at you!
* * * LOW HITPOINT WARNING * * *
The goblin hits you with a +0 dagger.
You die...

#....#
...........#
#....#
#.........#
#....#
#........$#
#....#
#......g).#
#....#
#.#####g#{#
#....##
#.....gg#.g.
'.#...#
######g.#.>g..
#.###.#
#....Jgg#gg.....
#.# #.#
#.####@##.g.....
#.###.#####.#
#g# .......
...##........
..# .......
..>##........
.###
...##..........
...##.######..
......# #..
.)..### #. .##.#


You could see Robin, an endoplasm, 2 hobgoblins and 5 goblins.

Vanquished Creatures
  A dart slug (D:1)
  4 endoplasms (D:1)
  4 goblins
  3 hobgoblins (D:1)
  2 quokkas (D:1)
  2 ball pythons
  4 bats (D:1)
  A frilled lizard (D:1)
  5 kobolds
  A rat (D:1)
27 creatures vanquished.

Notes
Turn   | Place    | Note
-------+----------+-------------------------------------------
     0 | D:1      | MisterFreud the Formicid Gladiator began the quest for the
                  | Orb.
     0 | D:1      | Reached XP level 1. HP: 16/16 MP: 1/1
    39 | D:1      | You fall into a shaft and drop 1 floor!
    48 | D:2      | Reached XP level 2. HP: 21/22 MP: 2/2
   764 | D:1      | Reached skill level 4 in Staves
   764 | D:1      | Reached XP level 3. HP: 27/27 MP: 3/3
  1146 | D:2      | Noticed Robin
  1161 | D:2      | HP: 1/27 [Robin/goblin (3)]
  1161 | D:2      | Slain by a goblin

Illustrated notes

Levels and vault maps discovered:
D:1:      tarquinn_simple_flora_water_e, layout_basic
D:2:      layout_basic, uniq_jessica, uniq_robin, uniq_terence

Skill      XL: |  1  2 |
---------------+-------+-----
Staves         | 4 |  4.3
Fighting       | |  2.1
Throwing       | |  2.0
Dodging        | |  2.6

Action                   || total
-------------------------++-------
Melee: Quarterstaff      ||    65
 Stab: Sleeping          ||     1
Armor: Leather armour    ||    24
Dodge: Dodged            ||    41
